[Event "Italian-ch Semifinal 2022"]
[Site "Acqui Terme"]
[Date "2022.06.15"]
[Round "2.1"]
[White "Lettieri, Giuseppe"]
[Black "Pasini, Nicolo"]
[Result "1/2-1/2"]
[ECO "D79"]
[WhiteElo "2445"]
[BlackElo "2227"]
[Annotator "TA"]
[PlyCount "167"]
[EventDate "2022.06.15"]
[EventType "swiss"]
[EventCountry "ITA"]
[SourceTitle "playchess.com"]
[Source "ChessBase"]
[SourceQuality "1"]
[TimeControl "40/5400+30:1800+30"]

1. Nf3 Nf6 2. g3 g6 3. Bg2 Bg7 4. O-O O-O 5. d4 d5 6. c4 c6 7. cxd5 cxd5 8. Nc3 Ne4 {[%emt 0:00:01] is now debated instead of 8...Nc6.} 9. Ng5 {[%emt 0:13:31] D79: Fianchetto Grünfeld: Symmetrical Variation (6 0-0 c6 7 cxd5 cxd5).} Nxg5 10. Bxg5 {[%emt 0:00:09] [#]} Nc6 $146 (10... h6 $5 11. Bf4 e6 $11) ({Predecessor:} 10... h6 11. Bf4 Nc6 12. Nxd5 Nxd4 13. Bxh6 Bxh6 14. Qxd4 Bg7 15. Qb4 Re8 16. Rac1 a5 {1-0 (59) Adly,A (2596)-Kantor,G (2575) Warsaw 2021}) 11. Nxd5 {[%emt 0:36:26] White is slightly better.} h6 12. Bd2 e6 13. Nb4 {[%emt 0:03:20] White is more active.} ({Better is} 13. Ne3 $14) 13... Nxd4 $11 14. e3 Nf5 15. Qc2 Qb6 16. a4 a5 17. Nd3 Bd7 $1 18. Qc5 Qa6 19. Qa3 Bc6 20. Bxc6 Qxc6 21. Rac1 Qf3 22. Bc3 Rfd8 23. Ne1 Qc6 24. Ng2 {[%emt 0:01:31] Threatens to win with Bxg7.} Rac8 $40 {[%emt 0:05:02][%mdl 128] Black attacks.} 25. g4 {[%emt 0:03:19] [#]} (25. Qa1 $11 {remains equal.} Bxc3 26. Rxc3) 25... Nd6 $1 $17 26. Bxa5 ({White should try} 26. f3) 26... Qxc1 27. Bxd8 Qc6 28. Be7 Nc4 29. Qb4 Nxb2 30. a5 Nd3 31. Qb6 Qxb6 32. axb6 Rc6 33. Bd8 Ne5 34. h3 Nf3+ 35. Kh1 Nd2 (35... Rc2 $142 36. Be7 g5) 36. Rd1 Nc4 (36... Ne4 $17 37. Kg1 Bf6) 37. Rc1 (37. Rd7 $11) 37... Rc8 38. Rd1 Rc6 39. Rc1 $1 Bb2 40. Rc2 Be5 41. Ne1 Kf8 (41... Bd6 $17) 42. Nf3 $11 Ke8 43. Bh4 ({Not} 43. Rxc4 $2 Rxc4 44. Nxe5 Rc1+ 45. Kg2 Kxd8 46. Nxf7+ Ke7 47. Nxh6 Rb1 $19) (43. Nxe5 $11 Nxe5 44. Rxc6 Nxc6 45. Bf6) 43... Bg7 44. Ra2 Nxb6 45. Ra7 Rc7 46. Bg3 Nc8 {[%emt 0:00:28] And now ...Rc1+ would win.} 47. Ra8 Rc1+ 48. Kg2 Kd7 $1 49. Rb8 Rb1 50. Nd2 (50. Be5 $15 Bxe5 51. Nxe5+ Kc7 52. Ra8) 50... Rb4 $17 51. Kf3 Bf8 52. Ne4 Be7 {[%emt 0:00:11] Prevents Nf6+.} 53. Be5 f5 54. Nf6+ Bxf6 55. Bxf6 fxg4+ 56. hxg4 $11 {[%emt 0:00:01][%mdl 4096] Endgame KRB-KRN} h5 57. gxh5 gxh5 58. Kg2 Rb5 59. f4 Nd6 (59... Rb3 $5 ) 60. Kf3 Rb3 61. Bd4 (61. Rh8 $15) 61... Nf5 $19 62. Ke4 h4 63. Rh8 Nd6+ ({Black should play} 63... Ke7 64. Rh7+ Kd6 65. Be5+ Kc6) 64. Kf3 $17 {[%emt 0:00:11] [#]} Kc6 $1 65. Ba7 (65. Bf6 $142) 65... Ra3 66. Bd4 b5 67. Ke2 $2 (67. Kg4 $17) 67... Nf5 $19 68. Rc8+ (68. Bc3 $142 Kd5 69. Kd3 Nxe3 70. Rd8+ Kc6 71. Kxe3 Rxc3+ 72. Kd4) 68... Kd7 69. Rb8 Nxd4+ 70. exd4 {[%emt 0:00:00] KR-KR} Kc6 71. Rc8+ Kd6 {[%emt 0:00:56] Hoping for ...b4.} 72. Rc5 h3 {[%emt 0:00:07] aiming for ...Ra1.} 73. Kf2 b4 74. Rb5 b3 {[%emt 0:00:01] ( -> ...Ra2+)} 75. Kg3 Ra2 $2 (75... b2+ 76. Kh2 $11) (75... Kc6 $19 76. Rb4 Kd5 77. Kxh3 Ke4) 76. Kxh3 $11 {[%emt 0:00:34] The position is equal.} b2 77. Kg3 Kc6 78. Rb4 $1 Kd5 {[%emt 0:00:13] White must now prevent ...Ke4.} 79. Kf3 Ra3+ 80. Kg4 Ra2 81. Kf3 Kd6 82. Ke4 Kc6 83. Kd3 Ra3+ 84. Ke4 {[%emt 0:00:25] And White is the lucky defender.  Weighted Error Value: White=0.14 (very precise) /Black=0.11 (very precise)} 1/2-1/2

[Event "Italian-ch Semifinal 2022"]
[Site "Acqui Terme"]
[Date "2022.06.15"]
[Round "2.2"]
[White "Cocchi, Andrea"]
[Black "Barp, Alberto"]
[Result "0-1"]
[ECO "A08"]
[WhiteElo "2205"]
[BlackElo "2384"]
[Annotator "TA"]
[PlyCount "74"]
[EventDate "2022.06.15"]
[EventType "swiss"]
[EventCountry "ITA"]
[SourceTitle "playchess.com"]
[Source "ChessBase"]
[SourceQuality "1"]
[TimeControl "40/5400+30:1800+30"]

1. Nf3 Nf6 2. g3 d5 3. Bg2 c5 4. d3 Nc6 5. Nbd2 g6 6. O-O Bg7 7. c3 {[%emt 0:02:44] A08: King's Indian Attack.} O-O 8. Qc2 e5 9. e4 {[%emt 0:02:30] The position is equal.} h6 10. a3 a5 11. a4 Be6 12. exd5 Nxd5 (12... Qxd5 13. Ng5 $1 Qd6 14. Nxe6 Qxe6 15. Qb3 $16) 13. Re1 Qc7 14. Nc4 {[%emt 0:00:50] [#]} Rfd8 $146 ({Predecessor:} 14... Rfe8 15. Bd2 Rad8 16. Rad1 Bf5 17. Bc1 Nb6 18. Ne3 Be6 19. Nd2 Nd5 20. Nec4 Bg4 {½-½ (31) Zhang,Z (2617)-Tirto (2413) Tarakan 2008}) 15. Qe2 Re8 16. Bd2 (16. Nfxe5 Nxe5 17. Nxe5 Bxe5 18. Qxe5 Bd7 $17) (16. Ncxe5 Bxe5 17. Nxe5 Nxe5 18. Qxe5 Bd7 19. Qxe8+ Rxe8 $17) 16... f6 17. Be3 (17. Nh4 {with more complications.} Kh7 18. f4 exf4 19. Nxg6 Kxg6 20. Bxd5 Bxd5 21. Qg4+) 17... b6 18. Na3 Rad8 19. Nd2 Bf7 20. Ndc4 Qb8 21. Qc2 f5 22. Rad1 g5 23. Qb3 g4 24. Bc1 Rd7 (24... f4 $11 {remains equal.}) 25. f3 (25. Qb5 $1 $16 Re6 26. d4) 25... h5 (25... gxf3 $1 $11 {keeps the balance.} 26. Bxf3 Red8) 26. Bg5 f4 27. gxf4 (27. fxg4 $16 hxg4 28. Qb5) 27... exf4 $11 {[%emt 0:00:28] ...Ne5 is the strong threat.} 28. fxg4 $2 {[%emt 0:00:41] [#]} (28. Qb5 $1 $11 Rxe1+ 29. Rxe1) 28... hxg4 $2 ({Black should play} 28... Bd4+ $1 $19 29. Kh1 (29. cxd4 $2 Nxd4 30. Qc2 Nxc2 $19) 29... hxg4) 29. Be4 $2 (29. Qb5 $11 {and White is okay.} Rxe1+ 30. Rxe1) 29... Ne5 30. Qb5 Qc7 {[%emt 0:01:09] aiming for ...Nf3+.} 31. Kh1 g3 32. Bf5 $2 (32. hxg3 Ng4 33. Bf3 Nf2+ 34. Kg2 Rxe1 35. Rxe1 Nxd3 36. Rd1) 32... Be6 33. Nxe5 Bxe5 {[%emt 0:01:29] The board is on fire.} (33... Bxf5 34. Nxd7 Rxe1+ 35. Rxe1 $11) 34. Bxe6+ $2 (34. Be4 Bxc3 35. Re2 (35. bxc3 $2 Nxc3 36. Qc6 Nxd1 $19)) 34... Rxe6 $19 35. Nc4 f3 $2 (35... Nxc3 {( -> ...Qb7+)} 36. bxc3 Qb7+ 37. Re4 Qxe4+ 38. dxe4 Rxd1+ 39. Kg2 f3+ 40. Kh3 gxh2 41. Nxe5 h1=Q+ 42. Kg4 Rg1+ 43. Kf5 Qh3+ 44. Kf4 f2 45. Bh4 f1=Q+ 46. Qxf1 Rxf1+ 47. Bf2 Rxf2+ 48. Nf3 Rxf3+ 49. Kg5 Rxe4 50. Kg6 Rg4#) 36. hxg3 $2 ({Don't go for} 36. Rxe5 $2 {[#]} Rh7 $1 37. h4 Rxe5 38. Nxe5 Qxe5 $19) (36. Nxe5 $19 g2+ 37. Kg1 f2+ 38. Kxf2 Rxe5 39. Rxe5 (39. h4 $2 Rxg5 40. Kg1 Rg4 $19) 39... Rf7+ 40. Kxg2 Qxe5 41. Rg1 Qe2+ 42. Kh1) 36... Rh7+ 37. Kg1 {[%emt 0:00:33] [#]} Bd4+ $1 {[%emt 0:00:17][%mdl 576] Back Rank.  Weighted Error Value: White=0.79/Black=0.43} 0-1

[Event "Italian-ch Semifinal 2022"]
[Site "Acqui Terme"]
[Date "2022.06.15"]
[Round "2.3"]
[White "Genocchio, Daniele"]
[Black "Hercegovac, Neven"]
[Result "1/2-1/2"]
[ECO "A37"]
[WhiteElo "2365"]
[BlackElo "2155"]
[Annotator "TA"]
[PlyCount "83"]
[EventDate "2022.06.15"]
[EventType "swiss"]
[EventCountry "ITA"]
[SourceTitle "playchess.com"]
[Source "ChessBase"]
[SourceQuality "1"]
[TimeControl "40/5400+30:1800+30"]

1. Nf3 c5 2. c4 g6 3. Nc3 Bg7 4. g3 Nc6 5. Bg2 e6 6. d4 Nxd4 7. Nxd4 cxd4 8. Ne4 $1 {[%emt 0:00:59] 8.Ne4 is better than 8.Nb5.} d5 {[%emt 0:00:17] 8...Ne7 is not played anymore. A37: Symmetrical English vs ...g6: 4 Bg2 Bg7 5 Nf3.} 9. cxd5 exd5 10. Qa4+ Kf8 {[%emt 0:00:19] The position is equal.} 11. Nc5 Ne7 12. O-O h6 {[%emt 0:00:24] [#]} 13. Nb3 $146 ({Predecessor:} 13. Nd3 Bf6 14. Bf4 Nc6 15. Qb3 g5 16. Bd2 Ne7 17. Bb4 Kg7 18. Bxe7 Qxe7 19. Bxd5 {½-½ (51) Marin,M (2510)-Korpa,B (2545) Braganca 2021}) 13... Nc6 14. Bf4 {[%emt 0:16:23][%mdl 1024] White has compensation.} Bf6 15. Rac1 g5 16. Bd2 Kg7 17. Rc5 Be6 18. f4 gxf4 19. gxf4 (19. Bxf4 $11 a6 20. Nc1) 19... Qc8 (19... Rg8 $1 $17 {Threatens to win with ...Kh8.} 20. f5 Be5) 20. f5 $14 Bxf5 (20... Bd7 $1 $11) 21. Rxd5 $16 Bh3 (21... Bg6 $16 {was called for.}) 22. Bxh3 $2 (22. Nxd4 $18 {and the rest is easy.} Bxg2 23. Nf5+ Kh7 24. Kxg2) 22... Qxh3 23. Rf3 {[%emt 0:00:16] The board is on fire.} Qe6 24. Rdf5 {[%emt 0:01:10] White is more active.} Be5 25. Nc5 Qg6+ 26. Kh1 f6 $2 (26... Rhg8 $1 $14 27. Qd1 Kh8) 27. Qb3 $18 Rhg8 {[%emt 0:02:49] [#] ...Kh8 is the strong threat.} 28. Qd1 $2 ({Don't blunder} 28. Rg3 $2 Bxg3 29. Qxg3 Qxg3 30. hxg3 Rge8 $19) ({Less strong is} 28. Rh3 Kf8 29. Rg3 (29. Bxh6+ Ke8 $18) 29... Bxg3 $18) ({White has to play} 28. Bxh6+ $1 $18 Kh8 29. Bg5 $1 ) 28... Kh7 (28... Kf7 $14 29. Qb3+ Kg7) 29. Qf1 $1 $16 b6 $2 (29... Ne7 $16 {is a better chance.} 30. Rxf6 Bxf6 31. Rxf6 Raf8 32. Rxf8 Qc6+ 33. Rf3 Qxc5) 30. Nd3 Qg4 {[%emt 0:02:41] [#]} 31. Bxh6 $1 Rg6 {[%emt 0:01:35] [#]} 32. Bd2 (32. Nf2 $1 $18 Qg1+ 33. Qxg1 Rxg1+ 34. Kxg1 Rg8+ {[#]} 35. Bg5 $1 Rxg5+ 36. Rxg5 fxg5 37. Rf7+ Kg6 38. Rd7) 32... Rag8 $1 $11 33. Qh3+ Kg7 $132 {[%emt 0:01:00][%csl Gg6][%cal Rg4g1][%mdl 2048] Black is fighting back} 34. Qxg4 Rxg4 35. h3 Rg6 36. Nf4 Bxf4 37. Bxf4 ({Better is} 37. R5xf4 $11 Ne5 38. Rf2) 37... Kf7 {[%emt 0:01:05] ( -> ...Rg1+)} 38. Bh2 {[%emt 0:00:36] Against Rg1+} Re8 39. Rf2 Ke6 40. R5f4 Rh8 41. R2f3 Ne5 42. Rg3 $1 {[%emt 0:03:56] Black escapes into a draw.  Weighted Error Value: White=0.42/Black=0.49} 1/2-1/2

[Event "Italian-ch Semifinal 2022"]
[Site "Acqui Terme"]
[Date "2022.06.15"]
[Round "2.4"]
[White "Andreoni, Giuseppe"]
[Black "Lumachi, Gabriele"]
[Result "0-1"]
[ECO "C60"]
[WhiteElo "2170"]
[BlackElo "2347"]
[Annotator "TA"]
[PlyCount "60"]
[EventDate "2022.06.15"]
[EventType "swiss"]
[EventCountry "ITA"]
[SourceTitle "playchess.com"]
[Source "ChessBase"]
[SourceQuality "1"]
[TimeControl "40/5400+30:1800+30"]

1. e4 e5 2. Nf3 Nc6 3. Bb5 Nge7 4. O-O Ng6 5. d4 exd4 6. Nxd4 Bc5 7. Nf5 {[%emt 0:00:00] C60: Ruy Lopez: Unusual Black 3rd moves and 3...g6.} O-O 8. Qh5 d6 9. Bg5 {[%emt 0:00:00] The position is equal.} f6 10. Be3 (10. Bc4+ Kh8 11. Be3 Nge5 $15) 10... Bxe3 11. Nxe3 {[%emt 0:00:00] [#]} Nce7 $146 ({Predecessor:} 11... Be6 12. f4 Bf7 13. Bc4 Nd4 14. Nd2 Qe8 15. c3 Bxc4 16. Nexc4 Nc6 17. Rae1 Qf7 {½-½ (57) Sousa,T (1787)-Bolhari,O (2141) Lisbon 2015}) 12. Nd2 c6 13. Bc4+ Kh8 $1 14. f4 f5 (14... Qb6 $11 15. Rae1 Qxb2) 15. Bb3 ({White should try} 15. g3 $14) 15... a5 $11 16. a4 Qb6 17. Rae1 ({Don't play} 17. Ndc4 Qc5 18. Rae1 b5 19. axb5 a4 $17) 17... fxe4 18. Nxe4 {[%emt 0:00:00][%cal Bd2e4,Be4g5,Bg5f3][%mdl 32] [#] And now Kh1 would win.} d5 $1 19. Ng5 $36 {[%emt 0:00:00][%csl Gg5][%cal Rh5h7][%mdl 2048] White has the initiative.} h6 20. Kh1 {[%emt 0:00:00][%cal Of4f5] Hoping for f5!} Qb4 21. g3 (21. c3 $5 Qxb3 22. f5 Bxf5 23. Nxf5 Nxf5 24. Qxg6 hxg5 25. Rxf5 Rxf5 26. Qxf5 $11) 21... Bd7 22. Nf3 Rae8 23. Ng4 {[%emt 0:03:59][%cal Og4h6] aiming for Nxh6!} Rf5 (23... Bf5 $5 ) 24. Qh3 Nxf4 25. gxf4 $16 Rxf4 {[%emt 0:00:07] [#]} 26. Qh5 {[%emt 0:03:12][%mdl 8192] This move loses the game for White.} (26. Nfe5 $1 $14 {was forced to keep a grip.} Ref8 27. Nxd7 Rxf1+ 28. Rxf1 Rxf1+ 29. Qxf1 Qe4+ 30. Qg2 Qe1+ 31. Qg1 Qe4+ 32. Qg2 Qe1+ 33. Qg1 Qe4+ 34. Qg2) 26... Rxf3 $1 $19 ({And not} 26... Rxg4 27. c3 Qxb3 28. Ne5 $17) 27. Nxh6 $2 (27. Ne5 Rxf1+ 28. Rxf1 Qe4+ 29. Kg1 Qe3+ 30. Kh1) 27... Rxf1+ {[%emt 0:01:19] Black is clearly winning.} 28. Rxf1 {[%emt 0:00:01] White wants to mate with Nf7+.} Qe4+ ({Don't do} 28... gxh6 29. Qxh6+ Kg8 30. Qg5+ Kh8 31. Qh5+ Kg8 32. Rg1+ Bg4 33. Rxg4+ Qxg4 34. Qxg4+ $18) 29. Rf3 {[%emt 0:00:01] Intending Nf7+ and mate.} gxh6 30. Qxh6+ Kg8 {[%emt 0:00:42] Weighted Error Value: White=0.61/Black=0.13 (very precise)} 0-1

[Event "Italian-ch Semifinal 2022"]
[Site "Acqui Terme"]
[Date "2022.06.15"]
[Round "2.5"]
[White "Carnicelli, Valerio"]
[Black "Tripodi, Enzo"]
[Result "1-0"]
[ECO "B90"]
[WhiteElo "2319"]
[BlackElo "2170"]
[Annotator "TA"]
[PlyCount "63"]
[EventDate "2022.06.15"]
[EventType "swiss"]
[EventCountry "ITA"]
[SourceTitle "playchess.com"]
[Source "ChessBase"]
[SourceQuality "1"]
[TimeControl "40/5400+30:1800+30"]

1. e4 {[%emt 0:00:02] CB} c5 2. Nf3 d6 3. d4 cxd4 4. Nxd4 Nf6 5. Nc3 a6 6. f3 e5 7. Nb3 Be6 8. Be3 Be7 9. Qd2 O-O 10. O-O-O Nbd7 11. g4 b5 12. g5 b4 13. Ne2 Ne8 14. f4 a5 {[%emt 0:00:03] And now ...a4 would win.} 15. f5 {[%emt 0:00:06] B90: Sicilian Najdorf: Unusual White 6th moves, 6 Be3 Ng4 and 6 Be3 e5.} a4 16. fxe6 (16. Nbd4 $5 exd4 17. Nxd4 $14) 16... axb3 17. cxb3 $1 {[%emt 0:00:13] The position is equal. The main line 17.cxb3 scores better than 17.exf7+.} ({Not} 17. exd7 $2 bxa2 18. Qd5 a1=Q+ $19) 17... fxe6 18. Bh3 Rxa2 {[%emt 0:00:10] aiming for ...Nc7.} 19. Bxe6+ Kh8 20. Ng3 {[%emt 0:00:15] Active counter play!} Nc7 $1 21. Bc4 {[%emt 0:00:11] [#]} g6 $146 {[%emt 0:01:18] [#] Against Nf5} (21... Qa8 $1 $11) ({Predecessor:} 21... Qa8 22. Rhf1 Rxf1 23. Rxf1 Ra1+ 24. Kc2 Rxf1 25. Bxf1 d5 26. Qf2 g6 27. h4 Qf8 28. Qxf8+ Nxf8 {½-½ (41) Radjabov,T (2726)-Vachier Lagrave,M (2757) Tashkent 2014 CBM 163 [CB]}) 22. h4 $1 $16 Rf3 $2 {[%emt 0:09:10] [#] Black cannot hold the game after this.} (22... h5 $16 {is tougher.} 23. gxh6 Nf6) 23. h5 $1 $18 Ra1+ (23... Rxg3 $2 24. hxg6 Nf8 25. Qf2 Ra1+ 26. Kc2) (23... gxh5 $142 24. Rxh5 Nf8) 24. Kc2 {[%emt 0:04:55][%cal Oh5g6] Threatens to win with hxg6!} Rxd1 25. Qxd1 {[%emt 0:05:00][%cal Oh5g6] hxg6! would kill now.} d5 {[%emt 0:20:59] [#]} 26. hxg6 $1 Nf8 (26... Rf2+ 27. Bxf2) 27. Qxf3 {[%emt 0:03:03] White mates.} dxc4 28. Qf7 Qd3+ 29. Kc1 Qxe3+ 30. Kb1 Qd3+ 31. Ka1 cxb3 32. g7# {[%emt 0:00:04] Weighted Error Value: White=0.01 (flawless) /Black=0.78} 1-0

[Event "Italian-ch Semifinal 2022"]
[Site "Acqui Terme"]
[Date "2022.06.15"]
[Round "2.6"]
[White "Pisacane, Pietro"]
[Black "Corvi, Marco"]
[Result "1/2-1/2"]
[ECO "A45"]
[WhiteElo "2138"]
[BlackElo "2318"]
[Annotator "RC"]
[PlyCount "124"]
[EventDate "2022.06.15"]
[EventType "swiss"]
[EventCountry "ITA"]
[SourceTitle "playchess.com"]
[Source "ChessBase"]
[SourceQuality "1"]
[TimeControl "40/5400+30:1800+30"]

1. d4 Nf6 2. Bf4 e6 3. e3 Bd6 4. Bxd6 cxd6 5. Bd3 d5 6. Nd2 b6 7. Qe2 Bb7 8. O-O-O Nc6 9. c3 Rc8 10. Kb1 Na5 11. f3 Qc7 12. Nh3 Nc4 13. Nf2 b5 14. Rc1 a6 15. g4 d6 16. g5 Nd7 17. h4 Ndb6 18. b3 Nxd2+ 19. Qxd2 Bc6 20. h5 Rb8 21. Ka1 a5 22. Qe2 a4 23. b4 Nc4 24. e4 Kd7 25. Ng4 Kc8 26. h6 Rg8 27. exd5 exd5 28. Bxh7 Kb7 29. Bxg8 Rxg8 30. Rce1 Bd7 31. h7 Rh8 32. Ne3 Nb6 33. Qd3 a3 34. Rc1 g6 35. f4 Qc8 36. Rcf1 Bh3 37. Rf2 Rxh7 38. Rfh2 Rh5 39. f5 Bxf5 40. Nxf5 Rxh2 41. Nxd6+ Kc6 42. Qxb5+ Kxd6 43. Qxb6+ Ke7 44. Qf6+ Kf8 45. Qh8+ Ke7 46. Qe5+ Kf8 47. Qxh2 Qxc3+ 48. Kb1 Qxb4+ 49. Kc1 Qc3+ 50. Kd1 Qxd4+ 51. Ke2 Qe4+ 52. Kf2 Qd4+ 53. Kg2 Qe4+ 54. Kf1 Qf3+ 55. Kg1 Qd1+ 56. Kf2 Qd2+ 57. Kf3 Qd3+ 58. Kf4 Qe4+ 59. Kg3 Qe3+ 60. Kg4 Qe4+ 61. Kh3 Qf3+ 62. Kh4 Qe4+ 1/2-1/2

[Event "Italian-ch Semifinal 2022"]
[Site "Acqui Terme"]
[Date "2022.06.15"]
[Round "2.7"]
[White "Bettalli, Francesco"]
[Black "Gioseffi, Massimiliano"]
[Result "1/2-1/2"]
[ECO "B23"]
[WhiteElo "2304"]
[BlackElo "2136"]
[Annotator "TA"]
[PlyCount "56"]
[EventDate "2022.06.15"]
[EventType "swiss"]
[EventCountry "ITA"]
[SourceTitle "playchess.com"]
[Source "ChessBase"]
[SourceQuality "1"]
[TimeControl "40/5400+30:1800+30"]

1. e4 c5 2. Nc3 e6 3. Nge2 a6 4. g3 b5 5. Bg2 Bb7 6. O-O Nf6 7. e5 {[%emt 0:04:58][%csl LRb7,LRf6] B23: Closed Sicilian: Lines without g3.} Bxg2 8. Kxg2 Ng4 9. d4 {[%emt 0:00:47] The position is equal.} cxd4 10. Qxd4 h5 11. f4 {[%emt 0:00:57] [#]} d5 $146 {[%emt 0:03:55] Inhibits Qe4.} (11... Nc6 $15 12. Qe4 Rc8) ({Predecessor:} 11... Nc6 12. Qe4 Rc8 13. h3 Nh6 14. Be3 Nf5 15. Rad1 Qc7 16. Bf2 Qb7 17. g4 hxg4 18. hxg4 {0-1 (44) Knoppert,E (2340)-Handke,F (2476) Belgium 2004}) 12. exd6 $11 {[%emt 0:01:56] Black must now prevent f5.} Qxd6 (12... Nc6 {with more complications.} 13. d7+ Qxd7 14. Qxd7+ Kxd7 15. h3 Nh6) 13. Qxd6 (13. f5 {seems wilder.} exf5 14. Qd5 Nc6 15. Qxf5 Nce5 16. h3) 13... Bxd6 14. Ne4 Be7 15. c3 Nc6 16. h3 Nf6 17. Nxf6+ Bxf6 18. Be3 O-O 19. Rfd1 Rfc8 20. g4 hxg4 21. hxg4 g6 22. f5 (22. Rab1 $11 {remains equal.}) 22... exf5 $17 (22... gxf5 23. gxf5 exf5 24. Ng3 $11) 23. gxf5 Re8 (23... gxf5 24. Ng3 $11) 24. Kf3 Ne5+ ({But not} 24... gxf5 $6 25. Rg1+ Kf8 26. Ng3 $15 (26. Bc5+ Be7 $15)) 25. Kf4 (25. Kg3 $17) 25... Nc4 26. Bd4 {[%emt 0:00:17] [#]} g5+ $1 ({Not} 26... Rxe2 27. Bxf6 Rf2+ 28. Kg3 Rxf5 29. Rf1 $15) 27. Kf3 Bxd4 28. Nxd4 {[%emt 0:02:31] [#]} Nxb2 {[%emt 0:03:53] Weighted Error Value: White=0.21 (precise) /Black=0.06 (flawless)} (28... Re3+ $1 $17 29. Kf2 Rae8) 1/2-1/2

[Event "Italian-ch Semifinal 2022"]
[Site "Acqui Terme"]
[Date "2022.06.15"]
[Round "2.8"]
[White "Favini, Matteo"]
[Black "Boraso, Alessio"]
[Result "0-1"]
[ECO "B29"]
[WhiteElo "1692"]
[BlackElo "2287"]
[Annotator "TA"]
[PlyCount "57"]
[EventDate "2022.06.15"]
[EventType "swiss"]
[EventCountry "ITA"]
[SourceTitle "playchess.com"]
[Source "ChessBase"]
[SourceQuality "1"]
[TimeControl "40/5400+30:1800+30"]

1. e4 c5 2. Nf3 Nf6 3. Nc3 d5 4. exd5 Nxd5 5. Bc4 Nb6 6. Ne5 {[%emt 0:04:50] B29: Sicilian: 2 Nf3 Nf6 (Nimzowitsch Variation).} ({White should try} 6. Bb5+ $14 Nc6 7. O-O) 6... Nxc4 $15 7. Nxc4 g6 8. d3 {[%emt 0:03:29] Black is slightly better.} Nc6 9. Be3 {[%emt 0:07:45] [#]} Nd4 $146 ({Predecessor:} 9... Bg7 10. O-O b6 11. a4 Be6 12. Qd2 Bxc4 13. dxc4 Qxd2 14. Bxd2 O-O-O 15. Rfd1 Na5 {0-1 (30) Kaluzny,M (2078)-Rakhmanov,A (2623) Teplice 2015}) 10. Ne4 b6 11. Bxd4 cxd4 12. Qf3 Be6 13. O-O-O ({White should play} 13. Ng5 $15 Bd5 14. Ne4) 13... Bh6+ 14. Kb1 O-O (14... b5 $142 15. Ncd2 Rc8) 15. h4 $17 Qd5 {[%emt 0:07:07] [#] ...b5 is the strong threat.} 16. b3 b5 17. Ncd2 a5 {[%emt 0:01:03][%cal Ba7a5,Ba5a4][%mdl 32] Threatens to win with ...Rfc8.} 18. h5 {[%emt 0:13:57] [#]} (18. Ng5 {is a better defense.}) 18... g5 $1 $19 ({Worse is} 18... f5 19. Ng3 g5 20. Qxd5 Bxd5 21. Nf3 $15) 19. Ng3 Qd7 20. Rde1 a4 21. b4 g4 22. Qe2 (22. Qd1) 22... Qd5 23. c4 dxc3 24. Nde4 Bd2 25. Nxc3 Bxc3 {[%emt 0:00:20] This bishop pair is nice.} 26. Rc1 Rac8 {[%emt 0:04:26] Hoping for ...Be5.} 27. h6 Bf6 {[%emt 0:05:51] ( -> ...Qd4)} 28. Rh5 Qd4 29. Rg5+ {[%emt 0:00:41] Weighted Error Value: White=1.17/Black=0.25 (precise)} 0-1

[Event "Italian-ch Semifinal 2022"]
[Site "Acqui Terme"]
[Date "2022.06.15"]
[Round "2.9"]
[White "Palozza, Christian"]
[Black "Gabbani, Sara"]
[Result "1-0"]
[ECO "E72"]
[WhiteElo "2284"]
[BlackElo "1856"]
[Annotator "TA"]
[PlyCount "43"]
[EventDate "2022.06.15"]
[EventType "swiss"]
[EventCountry "ITA"]
[SourceTitle "playchess.com"]
[Source "ChessBase"]
[SourceQuality "1"]
[TimeControl "40/5400+30:1800+30"]

1. d4 Nf6 2. c4 g6 3. g3 Bg7 4. Bg2 O-O 5. Nc3 c6 6. e4 d6 7. Nge2 c5 {[%emt 0:02:51] E72: King's Indian: 4 e4 d6 5 g3.} 8. O-O Nc6 9. d5 {[%emt 0:07:56] [#]} Na5 $146 {[%emt 0:05:42] White is slightly better.} ({Predecessor:} 9... Ne5 10. b3 a6 11. Bb2 Rb8 12. Na4 b5 13. Bxe5 bxa4 14. Bc3 Bd7 15. e5 Ng4 16. exd6 exd6 17. Bxg7 Kxg7 {0-1 (33) Martinez,J-Belmes,M Crespo 2014}) 10. b3 a6 11. Bd2 Bd7 12. f4 Rb8 (12... b5 $11) 13. a4 (13. Qe1 $14) 13... e6 $11 14. h3 (14. dxe6 $1 $14 fxe6 15. h3 (15. e5 dxe5 16. fxe5 Ng4 $11)) 14... h5 $2 {[%emt 0:03:09] [#]} (14... exd5 $15 {stays ahead.} 15. exd5 h5) 15. dxe6 $1 $16 ({Don't take} 15. e5 $6 dxe5 16. fxe5 Nh7 $14) 15... fxe6 16. e5 $36 {[%emt 0:04:27][%mdl 2048] White is really pushing.} Nh7 {[%emt 0:11:57][%mdl 8192] This move loses the game for Black.} (16... dxe5 $16 {was necessary.} 17. fxe5 Nh7) 17. Ne4 $18 ({Not} 17. exd6 Bc6 $18) 17... dxe5 $2 (17... Nc6 18. Nxd6 Qc7 19. Bxc6 Qxc6) 18. Bxa5 {[%emt 0:00:29][%mdl 64] Deflection. White is clearly winning.} Qxa5 19. Qxd7 Qb6 20. a5 Qxb3 21. Qxe6+ Kh8 22. Kh2 {[%emt 0:03:00] Weighted Error Value: White=0.24 (precise) /Black=0.82} 1-0